Map: Catalyst LE

Players

miokor - Winner!

  • Race: Zerg Zerg
  • League: Platinum
  • Spawn Location: 11:00

ILIEKEGGPIE

  • Race: Protoss Protoss
  • League: Platinum
  • Spawn Location: 5:00

VOD

Have the link to the VOD?

Description

Time

  • Played on: May 1, 2018, 3:15 p.m.
  • Length: 12:13
Show
View Real Time Build Order
Export as new Build Order

miokor Zerg - Winner!

Build Orders: Hatch First 

Get SALT Encoding   

  12  0:01  Drone  
  13  0:09  Drone  
  14  0:15  Extractor  
  14  0:16  Drone  
  15  0:24  Overlord  
  15  0:50  Hatchery  
  15  0:53  Drone x2  
  16  0:57  Drone  
  16  1:04  Extractor  
  16  1:14  Drone  
  17  1:20  Spawning Pool  
  17  1:22  Drone  
  17  1:28  Drone  
  18  1:40  Drone  
  19  2:00  Overlord  
  19  2:07  Queen x2  
  23  2:09  Metabolic Boost  
  23  2:11  Zergling x2  
  23  2:14  Zergling x2  
  25  2:33  Zergling x4  
  27  2:47  Queen  
  27  2:49  Queen  
  31  2:55  Roach Warren  
  31  2:57  Drone, Extractor  
  30  3:09  Zergling x4  
  33  3:22  Zergling x6  
  34  3:37  Overlord x3  
  34  3:49  Zergling x2  
  35  3:59  Roach x2  
  35  4:02  Roach  
  43  4:07  Roach  
  43  4:19  Roach  
  43  4:20  Roach x2  
  49  4:31  Ravager  
  50  4:47  Ravager  
  50  4:48  Ravager  
  50  4:50  Overlord  
  50  4:51  Overlord x2  
  52  5:12  Ravager  
  53  5:33  Roach x3  
  59  5:56  Ravager  
  60  5:58  Ravager  
  61  6:26  Ravager x2  
  61  6:30  Drone x2  
  61  6:31  Drone  
  66  6:46  Lair  
  66  7:02  Ravager  
  66  7:06  Roach  
  66  7:07  Zergling x2  
  61  7:32  Zergling x2  
  61  7:33  Zergling x6  
  61  7:37  Ravager  
  46  8:10  Roach x3  
  52  8:29  Overseer  
  52  8:58  Roach  
  52  8:59  Roach x5  
  64  9:10  Roach  
  66  9:18  Roach x2  
  70  9:24  Overlord, Hydralisk Den  
  70  9:25  Overlord  
  70  9:29  Ravager  
  70  9:42  Queen  
  72  10:06  Grooved Spines  
  72  10:08  Hydralisk x2  
  76  10:15  Hydralisk  
  76  10:18  Pneumatized Carapace  
  72  10:37  Hydralisk x2  
  76  10:53  Roach x4  
  79  11:32  Hydralisk x4  
  82  11:38  Hydralisk  
Show
View Real Time Build Order
Export as new Build Order

ILIEKEGGPIE Protoss 

Build Orders:  

Get SALT Encoding   

  12  0:01  Probe  
  13  0:13  Probe  
  14  0:19  Pylon  
  14  0:25  Probe  
  15  0:33  Probe  
  15  0:41  Probe  
  15  0:42  Gateway  
  17  0:53  Probe  
  17  0:56  Assimilator  
  18  1:05  Probe, Pylon  
  19  1:16  Probe  
  19  1:17  Assimilator  
  20  1:24  Probe  
  20  1:31  Forge  
  21  1:37  Cybernetics Core  
  21  1:38  Probe  
  22  1:55  Probe  
  23  2:07  Pylon  
  23  2:14  Stalker  
  23  2:18  Robotics Facility  
  25  2:27  Photon Cannon  
  25  2:31  Shield Battery  
  25  2:33  Warp Gate  
  25  2:51  Shield Battery  
  25  2:52  Pylon  
  25  2:57  Photon Cannon  
  25  3:10  Stalker  
  27  3:18  Photon Cannon  
  27  3:30  Immortal  
  27  3:40  Stalker  
  33  3:55  Gateway  
  33  4:21  Pylon  
  33  4:34  Gateway  
  33  4:39  Observer  
  34  4:52  Pylon  
  34  5:02  Sentry x2  
  38  5:08  Immortal  
  42  5:27  Gateway  
  42  5:30  Gateway  
  42  5:37  Immortal  
  42  5:38  Stalker x3  
  52  6:04  Zealot x3  
  58  6:15  Shield Battery  
  58  6:32  Stalker x2  
  62  6:39  Pylon  
  62  7:02  Stalker  
  62  7:03  Stalker x2  
  60  7:32  Stalker x2  
  40  7:54  Stalker x2  
  40  7:55  Stalker, Zealot x2  
  34  8:27  Sentry x4  
  42  8:43  Immortal  
  46  9:00  Stalker x3  
  52  9:12  Pylon  
  52  9:29  Shield Battery  
  52  9:31  Shield Battery  
  52  9:33  Stargate  
  52  9:55  Shield Battery  
  52  10:05  Adept x2  
  52  10:06  Adept  
  58  10:16  Void Ray  
  52  10:51  Adept x2  
  56  11:20  Void Ray  
  56  11:37  Adept x2  
  54  12:08  Stalker x2  
Tags
 
Matchup
PvZ
Replay Pack
Multi
Spawn Locations
Cross Positions
Add a new tag
Caveats
  • Supply blocks, unpowered buildings, or Contaminate may cause inaccurate times.
  • Supply counts are checked every 10 seconds.